 Dungeon Sprint DCSS version 0.31-a0-325-g067879e3d3 (webtiles) character file.

Game seed: 4107479075867284456

296 dialectric the Covert (level 6, -4/47 HPs)
             Began as a Demonspawn Brigand on July 18, 2023.
             Was an Initiate of Jiyva.
             Slain by a yak (7 damage)
             ... in the Dungeon (Sprint I: "Red Sonja").
             The game lasted 00:01:05 (174 turns).

dialectric the Covert (Demonspawn Brigand)           Turns: 174, Time: 00:01:06

Health: -4/47      AC:  3    Str: 11    XL:     6   Next: 12%
Magic:  6/6        EV: 12    Int: 15    God:    Jiyva [......]
Gold:   405        SH:  4    Dex: 16    Spells: 5/5 levels left

rFire   . . .        l - +2 long sword (vamp)
rCold   . . .        (no shield)
rNeg    . . .        b - +0 robe
rPois   .            (no helmet)
rElec   .            c - +0 cloak
rCorr   .            (no gloves)
SInv    .            (no boots)
Will    .....        (no amulet)
Stlth   +++++        (no ring)
HPRegen 0.27/turn    (no ring)
MPRegen 0.10/turn

%: no teleportation
@: no status effects
A: big brain 1, condensation shield, demonic touch 2
a: Renounce Religion


You were in the Dungeon.
You worshipped Jiyva.
Jiyva was noncommittal.
You visited 1 branch You collected 405 gold pieces.

Inventory:

Hand Weapons
 a - a +2 dagger
 l - a +2 vampiric long sword (weapon)
Missiles
 d - 9 poisoned darts (quivered)
 e - 3 curare-tipped darts
Armour
 b - a +0 robe (worn)
 c - a +0 cloak (worn)
Wands
 j - a wand of quicksilver (12)
Potions
 f - a potion of curing
 g - a potion of heal wounds
 h - a potion of haste
 i - 2 potions of magic


   Skills:
 + Level 3.3 Fighting
 + Level 2.9 Short Blades
 + Level 3.1 Throwing
 + Level 1.6 Dodging
 * Level 12.2 Stealth


You had 5 spell levels left.
You didn't know any spells.
Your spell library was empty.

Dungeon Overview and Level Annotations

Branches:
Dungeon (1/1)

Altars:
Cheibriados
Dithmenos
Fedhas
Hepliaklqana
Kikubaaqudgha
Makhleb
Okawaru
Qazlal
Ru
Sif Muna
Trog
Uskayaw
Vehumet
Wu Jian
Xom
Yredelemnul
Jiyva
Lugonu

Shops:
D :


Innate Abilities, Weirdness & Mutations

You have an unusually large brain. (Int +2)
A meltable shield of frost defends you. (SH +4)
Your touch may inflict irresistible damage on your foes.


Message History

You hear a distant slurping noise.
There is an open door here.
You hear a distant slurping noise.
You open the door.
Found 54 gold pieces.
You hear a distant slurping noise. x2
There is an open door here.
You hear a distant slurping noise.
You now have 378 gold pieces (gained 27).
You now have 405 gold pieces (gained 27).
You hear a distant slurping noise. x2
There is an open door here.
You hear a distant slurping noise.
There is an open door here.
You hear a distant slurping noise.
There is an open door here.
There is an open door here.
As you open the door, it creaks loudly!
A yak comes into view.
The yak bellows!
Found Buruenaj's Book Emporium.
Found fourteen altars.
You barely miss the yak. The yak gores you!
You barely miss the yak.
You touch the yak!
The yak is moderately wounded.
The yak gores you!
* * * LOW HITPOINT WARNING * * *
The yak attacks as you move away! The yak gores you but does no damage.
Unknown command.
The yak misses you.
There is an open door here.
There is an open door here.
The yak attacks as you move away! The yak gores you.
* * * LOW HITPOINT WARNING * * *
The yak attacks as you move away! The yak gores you!
* * * LOW HITPOINT WARNING * * *
There is an open door here.
The yak attacks as you move away! You block the yak's attack.
There is an open door here.
The yak attacks as you move away! The yak gores you!
You die...

######################
#<.#..@Y.#..'..#__#..+
#..'..#..'..#..'..'..#
#..#####'#####'#__####
#..# #..#...#.####
#..#__####..##.#
#..#_____##'#_.+
#⌠⌠#_.∩...'..._#
####_..__##_.#'# ___
##+#[#


You could see a yak.

Vanquished Creatures
  Sigmund (D)
  An ogre (D)
  A jelly (D)
  Ijyb (D)
4 creatures vanquished.

Vanquished Creatures (others)
  2 floating eyes (D)
  7 necrophages (D)
  10 jellies (D)
19 creatures vanquished.

Grand Total: 23 creatures vanquished

Notes
Turn   | Place    | Note
-------+----------+-------------------------------------------
     0 | D        | dialectric the Demonspawn Brigand began the quest for the
                  | Orb.
     0 | D        | Reached XP level 1. HP: 16/16 MP: 1/1
     2 | D        | Noticed Ijyb
     9 | D        | Killed Ijyb
    10 | D        | Reached skill level 1 in Dodging
    10 | D        | Reached skill level 6 in Stealth
    10 | D        | Gained mutation: Your touch may inflict minor irresistible
                  | damage on your foes. [demonic ancestry]
    10 | D        | Reached XP level 2. HP: 22/22 MP: 2/2
    39 | D        | Noticed an ogre
    41 | D        | Killed an ogre
    42 | D        | Reached skill level 9 in Stealth
    42 | D        | Gained mutation: You have an unusually large brain. (Int
                  | +2) [demonic ancestry]
    42 | D        | Reached XP level 3. HP: 28/28 MP: 3/3
    42 | D        | Reached XP level 4. HP: 34/34 MP: 4/4
    44 | D        | Noticed Sigmund
    46 | D        | Killed Sigmund
    47 | D        | Reached skill level 11 in Stealth
    47 | D        | Gained mutation: Your touch may inflict irresistible damage
                  | on your foes. [demonic ancestry]
    47 | D        | Reached XP level 5. HP: 41/41 MP: 5/5
    58 | D        | Found a shimmering blue altar of Sif Muna.
    59 | D        | Found an ornate altar of the Wu Jian Council.
    60 | D        | Found a radiant altar of Vehumet.
    67 | D        | Reached skill level 12 in Stealth
    67 | D        | Gained mutation: A meltable shield of frost defends you.
                  | (SH +4) [demonic ancestry]
    67 | D        | Reached XP level 6. HP: 41/47 MP: 6/6
    80 | D        | Found a burning altar of Makhleb.
    80 | D        | Found a shimmering altar of Xom.
    80 | D        | Noticed a slime creature
    81 | D        | Found a viscous altar of Jiyva.
    81 | D        | Found a corrupted altar of Lugonu.
    87 | D        | Became a worshipper of Jiyva Jerek the Shapeless
   131 | D        | Killed a floating eye
   155 | D        | Killed a floating eye
   157 | D        | Found Buruenaj's Book Emporium.
   157 | D        | Found an ancient bone altar of Kikubaaqudgha.
   157 | D        | Found a hazy altar of Hepliaklqana.
   157 | D        | Found a stormy altar of Qazlal.
   157 | D        | Found a hide-covered altar of Uskayaw.
   157 | D        | Found a blossoming altar of Fedhas.
   157 | D        | Found a bloodstained altar of Trog.
   157 | D        | Found an iron altar of Okawaru.
   157 | D        | Found a basalt altar of Yredelemnul.
   157 | D        | Found a snail-covered altar of Cheibriados.
   157 | D        | Found a sacrificial altar of Ru.
   157 | D        | Found a shadowy altar of Dithmenos.
   157 | D        | Noticed a yak
   170 | D        | HP: 2/47 [yak (13)]
   174 | D        | Slain by a yak

Illustrated notes

Levels and vault maps discovered:
D:        dungeon_sprint_1 [red_sonja_temple_1, red_sonja_temple_small_1]

Skill      XL: |  1  2  3  4  5 |
---------------+----------------+-----
Short Blades   | 2 |  2.9
Throwing       | 2 3 |  3.1
Dodging        | 1 |  1.6
Stealth        | 6 9 11 12 | 12.2
Fighting       | 3 |  3.3

Action                     |  1- 3 |  4- 6 || total
---------------------------+-------+-------++-------
  Melee: Dagger            |     6 |     4 ||    10
         Touch             |       |     2 ||     2
         Long sword        |       |     2 ||     2
    Use: Potion            |     1 |       ||     1
         Scroll            |       |     1 ||     1
   Stab: Sleeping          |     2 |     1 ||     3
 Armour: Robe              |     1 |     1 ||     2
  Dodge: Dodged            |     2 |     4 ||     6
  Block: Other             |       |     1 ||     1

Table legend: (Time is in decaauts)
 A = Elapsed time spent in this place.
 B = Non-inter-level travel time spent in this place.
 C = Inter-level travel time spent in this place.
 D = Time resting spent in this place.
 E = Time spent auto-exploring this place.
 F = Levels seen in this place.
 G = Mean time per level.
                   A        B        C        D        E       F      G
               +--------+--------+--------+--------+--------+-----+--------+
         Total |    181 |    181 |      0 |     28 |      0 |   1 |  181.0 |
       Dungeon |    181 |    181 |      0 |     28 |      0 |   1 |  181.0 |
               +--------+--------+--------+--------+--------+-----+--------+

Top non-repeatable levels by time:
       D: 181 daAuts
